 Dungeon Crawl Stone Soup version 0.19.0-24-gb05acd6 (webtiles) character file.

7839 Gargoyl the Schismatic (level 11, -1/83 HPs)
             Began as a Demonspawn Abyssal Knight on Nov 22, 2016.
             Was an Elder of Lugonu.
             Succumbed to a spiny frog's poison
             ... on level 2 of the Lair of Beasts on Nov 23, 2016.
             The game lasted 00:23:23 (13345 turns).

Gargoyl the Schismatic (Demonspawn Abyssal Knight) Turns: 13345, Time: 00:23:24

Health: -1/83      AC: 24    Str: 20    XL:     11   Next: 2%
Magic:  13/18      EV:  9    Int: 13    God:    Lugonu [****..]
Gold:   380        SH:  4    Dex: 12    Spells: 0 memorised, 10 levels left

rFire  . . .     SeeInvis +     x - +1 broad axe (protect)
rCold  . . .     Gourm    .     y - +0 chain mail
rNeg   . . .     Faith    .     n - +0 buckler
rPois  .         Spirit   .     (helmet restricted)
rElec  .         Reflect  .     f - +0 cloak
rCorr  .         Harm     .     q - +0 pair of gloves {Str+3}
MR     .....                    (no boots)
Stlth  ..........               (no amulet)
                                (no ring)
                                j - ring of see invisible

@: lethally poisoned (-1 -> -47), protection aura
A: antennae 2, molten scales 2, demonic guardian 1, powered by death 1
a: Depart the Abyss, Bend Space, Banish, Corrupt, Renounce Religion


You were on level 2 of the Lair of Beasts.
You worshipped Lugonu.
Lugonu was greatly pleased with you.
You were not hungry.

You visited 2 branches of the dungeon, and saw 11 of its levels.
You visited the Abyss 1 time.

You collected 480 gold pieces.
You spent 100 gold pieces at shops.

Inventory:

Hand Weapons
 u - a +4 war axe
 v - the +2 spear of the Nexus {speed, -Tele rElec Dex+8}
   (You found it on level 6 of the Dungeon)

   Attacks with this weapon are significantly faster.
   It affects your dexterity (+8).
   It insulates you from electricity.
   It prevents most forms of teleportation.
 x - a +1 broad axe of protection (weapon)
Missiles
 k - 6 tomahawks (quivered)
Armour
 f - a +0 cloak (worn)
 n - a +0 buckler (worn)
 q - a +0 pair of gloves of strength (worn)
 y - a +0 chain mail (worn)
Jewellery
 j - a ring of see invisible (left hand)
 F - an uncursed ring of flight
 H - an uncursed amulet of guardian spirit {unknown}
Wands
 p - a wand of iceblast (12/15)
 s - a wand of paralysis (9/24)
 w - a wand of iceblast (5/15)
Scrolls
 d - 4 scrolls of magic mapping
 m - 6 scrolls of identify
 o - 2 scrolls of fear
 r - 2 scrolls of amnesia
 t - a scroll of remove curse
 B - 2 scrolls of teleportation
Potions
 e - 3 potions of brilliance
 g - a potion of agility
 A - a potion of might
 D - a potion of cancellation
 E - a potion of flight
Books
 a - a book of Necromancy

   Spells                             Type                      Level
   a - Pain                           Necromancy                   1
   b - Animate Skeleton               Necromancy                   1
   c - Vampiric Draining              Necromancy                   3
   d - Regeneration                   Charms/Necromancy            3
   e - Animate Dead                   Necromancy                   4
   f - Control Undead                 Necromancy                   4
 b - a book of Minor Magic

   Spells                             Type                      Level
   a - Magic Dart                     Conjuration                  1
   b - Blink                          Translocation                2
   c - Call Imp                       Summoning                    2
   d - Repel Missiles                 Charms/Air                   2
   e - Slow                           Hexes                        2
   f - Conjure Flame                  Conjuration/Fire             3
   g - Mephitic Cloud                 Conjuration/Poison/Air       3
 h - a book of Party Tricks

   Spells                             Type                      Level
   a - Summon Butterflies             Summoning                    1
   b - Apportation                    Translocation                1
   c - Lesser Beckoning               Translocation                3
   d - Tukima's Dance                 Hexes                        3
   e - Alistair's Intoxication        Transmutation/Poison         5
   f - Invisibility                   Hexes                        6
Miscellaneous
 C - a phial of floods
Comestibles
 c - 5 bread rations
 i - 4 beef jerkies
 l - 19 fruits
 z - a meat ration
 G - 4 chunks of flesh


   Skills:
 + Level 6.4 Fighting
 + Level 8.3(8.7) Axes
 + Level 3.6(6.4) Polearms
 + Level 0.6 Throwing
 * Level 8.9 Armour
 + Level 3.3 Dodging
 + Level 2.1 Shields
 * Level 9.6 Invocations


You had 10 spell levels left.
You didn't know any spells.

Dungeon Overview and Level Annotations

Branches:
Dungeon (9/15)             Temple (0/1) D:7            Lair (2/6) D:9
  Swamp: Lair:2-4    Shoals: Lair:2-4     Snake: Lair:2-4    Spider: Lair:2-4
    Orc: D:9-12

Altars:
Gozag
Kikubaaqudgha
Makhleb
Qazlal
Sif Muna
Trog
Vehumet
Xom
Zin

Shops:
D:7 (?   D:8 *

Annotations:
D:4 tschems's ghost, novice HuBe
Abyss:1 Grinder


Innate Abilities, Weirdness & Mutations

You have a pair of antennae on your head.
You are mostly covered in molten scales. (AC +3)
A weak demonic guardian rushes to your aid.
You regenerate a little health from kills.


Message History

You feel very sick. The spiny frog closely misses you.
Your quasit barely misses the spiny frog.
Your quasit claws the spiny frog.
Your quasit barely misses the spiny frog.
The seven-headed hydra bites you. x2
The seven-headed hydra barely misses you.
You block the seven-headed hydra's attack. x2
The seven-headed hydra bites you but does no damage.
The seven-headed hydra bites you!
* * * LOW HITPOINT WARNING * * *
The spiny frog stings you!
* * * LOW HITPOINT WARNING * * *
Okay, then.
Okay, then.
Space bends sharply around you!
Your quasit blinks!
The spiny frog blinks!
You blink.
* * * LOW HITPOINT WARNING * * *
You die...

##.........###
##.....##....# #..
#P.....##...## ##..
#.......##...###...
##.....###§§......#
#....P# ##§D.⌠...#
#.....## #.......#
. ###...#
#.⌠...⌠.##....
###<..##
#.....@.......
..P....##
#...⌠..5#.....
........# #F..[%5.#
...
...÷..#.#....###...
. ............
#.... #P......⌠..
.#.... ##.......##
# #...# ##...##.#
.... #...# .#


You could see a seven-headed hydra, a spiny frog, a friendly quasit and a
friendly shadow imp.

Vanquished Creatures
  A black mamba (Lair:2)
  A spiny frog (Lair:1)
  3 komodo dragons
  A hippogriff (D:9)
  Sigmund (D:3)
  3 yaks (Lair:1)
  A basilisk (Lair:1)
  6 porcupines
  3 water moccasins
  A hornet zombie (D:8)
  3 ice beasts
  2 black bears (D:8)
  2 phantoms
  A wolf (Lair:2)
  A necrophage (D:5)
  2 ogres
  2 centaurs (D:8)
  A crocodile (Lair:1)
  8 bullfrogs
  2 scorpions
  A howler monkey (D:8)
  14 wights
  4 crimson imps
  2 centaur zombies
  A bullfrog zombie (D:6)
  2 quasits (D:8)
  2 hounds
  4 orc priests
  3 orc wizards
  A gnoll shaman (D:6)
  2 iguanas
  Ijyb (D:3)
  4 worker ants
  2 killer bee zombies
  A hound zombie (D:6)
  2 hound skeletons (D:8)
  2 worker ant zombies
  Robin (D:3)
  13 gnolls
  10 adders
  3 shadow imps
  An adder skeleton (D:5)
  A worm (D:5)
  5 dart slugs
  6 leopard geckos
  20 orcs
  6 bats
  2 giant cockroaches
  16 goblins
  9 hobgoblins
  13 jackals
  8 kobolds
  5 quokkas
  3 ball pythons
  6 frilled lizards
  A giant cockroach zombie (D:6)
  A leopard gecko skeleton (D:9)
  A quokka skeleton (D:9)
  9 rats
233 creatures vanquished.

Vanquished Creatures (collateral kills)
  A spiny frog (Lair:2)
  A hippogriff (Lair:1)
  A blink frog (Lair:2)
  A yak (Lair:1)
  A water moccasin (Lair:2)
5 creatures vanquished.

Vanquished Creatures (others)
  An oklob plant (Lair:1)
  A fungus (Lair:1)
  2 plants (Lair:2)
4 creatures vanquished.

Grand Total: 242 creatures vanquished

Notes
Turn   | Place    | Note
-------+----------+-------------------------------------------
     0 | Abyss:1  | Gargoyl the Demonspawn Abyssal Knight began the quest for the Orb.
     0 | Abyss:1  | Reached XP level 1. HP: 18/18 MP: 2/2
    83 | Abyss:2  | Noticed a spatial vortex
    95 | Abyss:2  | Noticed a neqoxec
    96 | Abyss:2  | Noticed a smoke demon
    97 | Abyss:2  | Noticed a wretched star
    98 | D:1      | Escaped the Abyss
   102 | D:1      | Noticed an electric eel
   102 | D:1      | Noticed an electric eel
   334 | D:1      | Reached skill level 1 in Dodging
   463 | D:1      | Gained mutation: You are partially covered in molten scales. (AC +2) [demonic ancestry]
   463 | D:1      | Reached XP level 2. HP: 14/24 MP: 3/3
   908 | D:1      | Reached * piety under Lugonu
  1125 | D:2      | Found a faded altar of an unknown god.
  1142 | D:2      | Reached skill level 3 in Invocations
  1172 | D:2      | Reached XP level 3. HP: 27/29 MP: 5/5
  1321 | D:2      | Found a shimmering altar of Xom.
  1775 | D:3      | Reached XP level 4. HP: 28/35 MP: 6/6
  2186 | D:3      | Found an opulent altar of Gozag.
  2194 | D:3      | Reached ** piety under Lugonu
  2405 | D:3      | Noticed Ijyb
  2414 | D:3      | Noticed Robin
  2467 | D:3      | Reached XP level 5. HP: 21/42 MP: 7/7
  2483 | D:3      | Killed Ijyb
  2898 | D:3      | Killed Robin
  3145 | D:3      | Reached skill level 4 in Invocations
  3157 | D:3      | Gained mutation: You have a pair of small antennae on your head. [demonic ancestry]
  3157 | D:3      | Reached XP level 6. HP: 28/48 MP: 9/9
  3405 | D:4      | Noticed tschems's ghost (novice HuBe)
  3412 | D:4      | Noticed Sigmund
  3495 | D:3      | Killed Sigmund
  3783 | D:5      | Entered Level 5 of the Dungeon
  4233 | D:5      | Found an ancient bone altar of Kikubaaqudgha.
  4294 | D:5      | Gained mutation: You are mostly covered in molten scales. (AC +3) [demonic ancestry]
  4294 | D:5      | Reached XP level 7. HP: 45/54 MP: 10/10
  4659 | D:5      | Reached *** piety under Lugonu
  4659 | D:5      | Reached skill level 5 in Invocations
  4899 | D:5      | Found a bloodstained altar of Trog.
  5774 | D:6      | Noticed Grinder
  5785 | D:6      | Banished Grinder
  5785 | D:6      | Reached skill level 5 in Axes
  5785 | D:6      | Reached skill level 5 in Armour
  5785 | D:6      | Gained mutation: You have a pair of antennae on your head. [demonic ancestry]
  5785 | D:6      | Reached XP level 8. HP: 35/60 MP: 12/12
  5988 | D:6      | Got a crystal spear
  5989 | D:6      | Identified the +2 spear of the Nexus {speed, -Tele rElec Dex+8} (You found it on level 6 of the Dungeon)
  6586 | D:6      | Reached skill level 1 in Shields
  6605 | D:6      | Reached skill level 1 in Polearms
  6608 | D:6      | Found a burning altar of Makhleb.
  6608 | D:6      | Found a deep blue altar of Sif Muna.
  6608 | D:6      | Found a stormy altar of Qazlal.
  6614 | D:6      | Found an opulent altar of Gozag.
  6712 | D:6      | Reached skill level 6 in Invocations
  6823 | D:6      | Found a glowing silver altar of Zin.
  6946 | D:7      | Found Buidiuvi's Magic Scroll Boutique.
  6955 | D:7      | Found a staircase to the Ecumenical Temple.
  6996 | D:7      | Found Zessiyli's Antique Weapon Boutique.
  7004 | D:7      | Bought a broad axe for 100 gold pieces
  7445 | D:7      | Reached skill level 5 in Fighting
  7547 | D:7      | Reached XP level 9. HP: 67/67 MP: 14/14
  7806 | D:8      | Reached **** piety under Lugonu
  7936 | D:8      | Reached skill level 7 in Invocations
  8154 | D:8      | Found Tiaty's General Store.
  8317 | D:8      | Found a bloodstained altar of Trog.
  9127 | D:8      | HP: 3/67 [wight/enchanted halberd (2)]
  9468 | D:8      | Reached skill level 8 in Invocations
  9777 | D:9      | Found a staircase to the Lair.
 10058 | D:9      | Gained mutation: A weak demonic guardian rushes to your aid. [demonic ancestry]
 10058 | D:9      | Reached XP level 10. HP: 16/76 MP: 16/16
 10603 | Lair:1   | Entered Level 1 of the Lair of Beasts
 10629 | Lair:1   | HP: 1/76 [porcupine (3)]
 11137 | Lair:1   | Noticed a spiny frog
 11142 | Lair:1   | Reached ***** piety under Lugonu
 11145 | Lair:1   | Killed a spiny frog
 11664 | Lair:1   | Reached skill level 9 in Invocations
 12034 | Lair:1   | Noticed an oklob plant
 12035 | Lair:1   | Found a radiant altar of Vehumet.
 12036 | Lair:1   | Banished an oklob plant
 12440 | Lair:2   | Noticed a black mamba
 12449 | Lair:2   | Killed a black mamba
 13001 | Lair:2   | Noticed a spiny frog
 13007 | Lair:2   | Killed a spiny frog
 13047 | Lair:2   | Gained mutation: You regenerate a little health from kills. [demonic ancestry]
 13047 | Lair:2   | Reached XP level 11. HP: 16/82 MP: 18/18
 13340 | Lair:2   | Noticed a seven-headed hydra
 13345 | Lair:2   | HP: 3/83 [spatial distortion (3)]
 13345 | Lair:2   | Succumbed to a spiny frog's poison

Skill      XL: |  1  2  3  4  5  6  7  8  9 10 |
---------------+-------------------------------+-----
Dodging        | 1 2 3 |  3.3
Armour         | 2 3 5 6 7 8 |  8.9
Axes           | 2 3 4 5 6 8 |  8.3
Invocations    | 3 4 5 6 8 9 |  9.6
Fighting       | 4 5 6 |  6.4
Shields        | 1 2 |  2.1
Polearms       | 3 |  3.6
Throwing       | |  0.6

Action                   |  1- 3 |  4- 6 |  7- 9 | 10-12 || total
-------------------------+-------+-------+-------+-------++-------
Melee: Hand axe          |   155 |   296 |   176 |       ||   627
       Spear             |       |       |   299 |       ||   299
       Broad axe         |       |       |   346 |   172 ||   518
Throw: Tomahawk          |       |     4 |       |     5 ||     9
Invok: Depart the Abyss  |     1 |       |       |       ||     1
       Bend Space        |       |     1 |       |     1 ||     2
       Banish            |       |       |     1 |     3 ||     4
  Use: Scroll            |     3 |     4 |     7 |     2 ||    16
       Potion            |       |     7 |     4 |     2 ||    13
 Stab: Distracted        |       |       |       |     1 ||     1
  Eat: Chunk             |     3 |     8 |    16 |     8 ||    35
       Bread ration      |       |       |     1 |     1 ||     2
Armor: Leather armour    |    27 |       |       |       ||    27
       Scale mail        |    70 |   150 |   182 |       ||   402
       Chain mail        |       |       |   360 |   128 ||   488
Dodge: Dodged            |   122 |   173 |   368 |    83 ||   746
Block: Buckler           |       |       |   129 |    25 ||   154
